 Dungeon Crawl Stone Soup version 0.30-a0-586-g23e55c9e0a (webtiles) character file.

Game seed: 3626902572309183222

66 demibob the Twirler (level 3, -1/40 HPs)
             Began as a Demonspawn Gladiator on Jan 3, 2023.
             Slain by a gnoll
             ... wielding a +0 flail
              (4 damage)
             ... on level 2 of the Dungeon.
             The game lasted 00:01:33 (1209 turns).

demibob the Twirler (Demonspawn Gladiator)          Turns: 1209, Time: 00:01:33

Health: -1/40      AC: 21    Str: 16    XL:     3   Next: 96%
Magic:  3/3        EV:  2    Int:  9    God:
Gold:   30         SH:  0    Dex: 14    Spells: 2/2 levels left

rFire   . . .      SeeInvis .    a - +0 quarterstaff
rCold   . . .      Faith    .    (shield currently unavailable)
rNeg    . . .      Spirit   .    (body armour currently unavailable)
rPois   +          Reflect  .    (helmet currently unavailable)
rElec   .          Harm     .    (cloak currently unavailable)
rCorr   .          Rampage  .    (gloves currently unavailable)
Will    .....      NoTele   +    (boots currently unavailable)
Stlth   +                        (no amulet)
HPRegen 0.26/turn                (no ring)
MPRegen 0.16/turn                (no ring)

@: tree-form, attractive
A: stationary, stasis, torment immunity, boosted hp, magic regeneration,
(demonic touch 1)
a: no special abilities


You were on level 2 of the Dungeon.
You were a tree.
You visited 1 branch of the dungeon, and saw 2 of its levels.

You collected 30 gold pieces.


Innate Abilities, Weirdness & Mutations

You are a tree.
Your roots penetrate the ground, keeping you stationary.
You cannot be teleported.
You are immune to unholy pain and torment.
Your maximum health is greatly increased.
Your equipment is partially melded.
You regenerate magic rapidly.
((Your touch may inflict minor irresistible damage on your foes.))


   Skills:
 - Level 2.0 Fighting
 + Level 4.4 Staves
 - Level 1.7 Throwing
 - Level 2.6 Dodging


You had 2 spell levels left.
You didn't know any spells.
Your spell library was empty.

Inventory:

Hand Weapons
 a - a +0 quarterstaff (weapon)
Missiles
 d - 3 throwing nets (quivered) {=f}
 e - a javelin
Armour
 b - a +0 leather armour (melded)
 c - a +0 helmet (melded)
 f - a +2 pair of gloves
Scrolls
 i - 2 scrolls of teleportation {unknown}
 k - a scroll of identify {unknown}
 l - a scroll of summoning {unknown}
Potions
 g - a potion of lignification
 h - a potion of curing {unknown}
 j - a potion of magic {unknown}

Dungeon Overview and Level Annotations

Branches:
Dungeon (2/15)

Altars:

#########
#ggg♣...#
#g#####.# #####
#.# #...#
#.###########
#.#.#
#.##........#
#<#.#.#
###.#.........#
#.#.#.#
#...#.........#
#########.#.#.#
#.###.#'########
#.......>.#.#.#
#.#.............#


You could see 4 gnolls.


Message History

No target in view!
No target in view!
No target in view!
No target in view!
No target in view!
No target in view!
There is a stone staircase leading down here.
A gnoll comes into view. It is wielding a +0 halberd.
The gnoll shouts!
You hear a shout!
The gnoll moves out of view.
You hear a shout!
A gnoll comes into view. It is wielding a +0 flail.
A gnoll is nearby!
A gnoll comes into view. It is wielding a +0 halberd.
A gnoll comes into view. It is wielding a +0 club.
The gnoll hits you with a +0 flail!
The gnoll hits you from afar with a +0 halberd.
You hit the gnoll but do no damage. The gnoll closely misses you.
The gnoll hits you from afar with a +0 halberd!
Ouch! That really hurt!
* * * LOW HITPOINT WARNING * * *
It was a potion of lignification.
You turn into a tree.
Your +0 helmet melds into your body.
Your +0 leather armour melds into your body.
Your roots penetrate the ground.
The gnoll hits you but does no damage. The gnoll completely misses you.
It was a potion of attraction.
You feel attractive to monsters. The gnoll hits you with a +0 flail.
You die...

Skill      XL: |  1  2  3 |
---------------+----------+-----
Staves         | 3 4 |  4.4
Fighting       | |  2.0
Throwing       | |  1.7
Dodging        | |  2.6

Action                   || total
-------------------------++-------
Melee: Quarterstaff      ||   116
  Use: Potion            ||     2
 Stab: Sleeping          ||     2
Armor: Leather armour    ||    45
       Skin              ||     1
Dodge: Dodged            ||    64

Levels and vault maps discovered:
D:1:      dpeg_arrival_concentric_ovals, layout_loops_ring
D:2:      layout_basic, serial_shops, shop, minmay_tromino_mix6

Notes
Turn   | Place    | Note
-------+----------+-------------------------------------------
     0 | D:1      | demibob the Demonspawn Gladiator began the quest for the
                  | Orb.
     0 | D:1      | Reached XP level 1. HP: 16/16 MP: 1/1
   138 | D:1      | Reached skill level 3 in Staves
   161 | D:1      | Gained mutation: Your touch may inflict minor irresistible
                  | damage on your foes. [demonic ancestry]
   161 | D:1      | Reached XP level 2. HP: 17/22 MP: 2/2
   398 | D:1      | Gained mutation: You regenerate magic rapidly. [demonic
                  | ancestry]
   398 | D:1      | Reached XP level 3. HP: 21/27 MP: 3/3
   721 | D:2      | Reached skill level 4 in Staves
  1207 | D:2      | HP: 2/27 [gnoll/+0 halberd (14)]
  1209 | D:2      | Slain by a gnoll

Vanquished Creatures
  2 adders (D:2)
  A worm (D:2)
  7 ball pythons
  3 endoplasms (D:1)
  2 giant cockroaches (D:2)
  A goblin (D:2)
  2 hobgoblins (D:1)
  4 jackals (D:1)
  3 kobolds (D:2)
  4 quokkas (D:1)
  6 bats
  4 frilled lizards
  2 rats
41 creatures vanquished.

Table legend: (Time is in decaauts)
 A = Elapsed time spent in this place.
 B = Non-inter-level travel time spent in this place.
 C = Inter-level travel time spent in this place.
 D = Time resting spent in this place.
 E = Time spent auto-exploring this place.
 F = Levels seen in this place.
 G = Mean time per level.
                   A        B        C        D        E       F      G
               +--------+--------+--------+--------+--------+-----+--------+
         Total |   1221 |   1213 |      8 |     98 |    858 |   2 |  610.5 |
       Dungeon |   1221 |   1213 |      8 |     98 |    858 |   2 |  610.5 |
               +--------+--------+--------+--------+--------+-----+--------+

Top non-repeatable levels by time:
     D:1: 724 daAuts
     D:2: 497 daAuts

Table legend:
 A = Non-vault XP
 B = Vault XP
 C = Vault XP percentage of total XP
 D = Non-vault monster count
 E = Vault monster count
 F = Vault count percentage of total count
                 A         B        C        D         E       F
            +---------+---------+-------+---------+---------+-------
      Total |      91 |       4 |   4.2 |      39 |       2 |   4.9
            +---------+---------+-------+---------+---------+-------
        D:1 |      47 |       0 |   0.0 |      27 |       0 |   0.0
        D:2 |      44 |       4 |   8.3 |      12 |       2 |  14.3
            +---------+---------+-------+---------+---------+-------
